[ AOE2 MATCH · #467478913 ]
UnrankedKoreans vs Malians
[ REPLAY ANALYSIS · EXTRACTED FROM THE RECORDED GAME ]
Feudal
13:22
Castle
22:29
Imperial
—
| APM avg | 26.6 |
| APM peak | 54 |
| eAPM avg | 17.9 |
| Villagers / military | 113 / 29 |
Focus
⚔️ 15.0% · 🌾 85.0%
Archer ×16 · Fishing Ship ×9 · Militia ×8 · Iron Pagoda ×5 · Unknown (2626) ×5
Feudal
12:17
Castle
22:38
Imperial
—
| APM avg | 61.9 |
| APM peak | 112 |
| eAPM avg | 30.6 |
| Villagers / military | 80 / 58 |
Focus
⚔️ 45.5% · 🌾 54.5%
Gbeto ×25 · Spearman ×20 · Fire Galley ×9 · Fishing Ship ×8 · Battering Ram ×4
Feudal
13:19
Castle
18:04
Imperial
36:01
| APM avg | 50.4 |
| APM peak | 89 |
| eAPM avg | 31.2 |
| Villagers / military | 118 / 27 |
Focus
⚔️ 32.1% · 🌾 67.9%
Fishing Ship ×28 · Samurai ×12 · Fire Galley ×8 · Trebuchet (Packed) ×4 · Monk ×3 · Unknown (2626) ×1
Feudal
12:45
Castle
20:18
Imperial
—
| APM avg | 43.7 |
| APM peak | 101 |
| eAPM avg | 15.6 |
| Villagers / military | 84 / 45 |
Focus
⚔️ 25.2% · 🌾 74.8%
Knight ×18 · Scout Cavalry ×15 · Battering Ram ×10 · Fishing Ship ×9 · Monk ×2
Match map
Initial resources + every placement click. Lines = walls · curves = elevation contours. ◆ gold · ⬟ stone · ● berries · ✦ relic · ◌ wall gap
Your base· Open — 9t gap
Ale Vai's base· Open — 10t gap
URU | Deo's base· Open — unwalled flank
DONT STAY HOME's base· Open — 6t gap
Smoothed initial terrain · ◌ = detected wall gap · hover for details
Inputs per minute
— helgibry - - Ale Vai
Build order — helgibry
First 150 of 247 actions detected
| 0:07 | Build | House |
| 0:14 | Build | Town Center |
| 0:52 | Build | Dock |
| 2:25 | Create | Villager (Male) |
| 2:26 | Create | Villager (Male) |
| 2:26 | Create | Villager (Male) |
| 2:35 | Create | Villager (Male) |
| 2:35 | Create | Villager (Male) |
| 3:30 | Create | Villager (Male) |
| 3:32 | Create | Fishing Ship |
| 3:33 | Create | Fishing Ship |
| 3:57 | Build | House |
| 4:19 | Research | Loom |
| 5:06 | Create | Villager (Male) |
| 5:06 | Create | Villager (Male) |
| 5:30 | Create | Villager (Male) |
| 5:30 | Create | Villager (Male) |
| 5:46 | Create | Fishing Ship |
| 5:46 | Create | Fishing Ship |
| 5:59 | Create | Villager (Male) |
| 5:59 | Create | Villager (Male) |
| 6:18 | Build | House |
| 6:19 | Create | Villager (Male) |
| 6:19 | Create | Villager (Male) |
| 6:45 | Create | Villager (Male) |
| 6:45 | Create | Villager (Male) |
| 7:07 | Create | Villager (Male) |
| 7:13 | Create | Villager (Male) |
| 7:30 | Create | Fishing Ship |
| 7:32 | Build | House |
| 7:54 | Create | Villager (Male) |
| 8:09 | Create | Fishing Ship |
| 8:16 | Create | Villager (Male) |
| 8:38 | Create | Villager (Male) |
| 8:44 | Create | Fishing Ship |
| 9:21 | Create | Villager (Male) |
| 9:28 | Build | House |
| 9:29 | Create | Fishing Ship |
| 9:31 | Create | Villager (Male) |
| 9:58 | Build | House |
| 10:00 | Create | Fishing Ship |
| 10:16 | Build | Lumber Camp |
| 10:17 | Create | Villager (Male) |
| 10:47 | Create | Villager (Male) |
| 11:01 | Research | Feudal Age |
| 11:06 | Build | Barracks |
| 11:27 | Build | Mining Camp |
| 11:29 | Create | Villager (Male) |
| 11:49 | Create | Villager (Male) |
| 11:57 | Create | Militia |
| 12:17 | Create | Villager (Male) |
| 12:23 | Create | Militia |
| 12:33 | Create | Militia |
| 12:33 | Create | Militia |
| 13:09 | Build | House |
| 13:11 | Create | Militia |
| 13:22 | Age | Feudal Age |
| 13:26 | Research | Man-at-Arms (upgrade) |
| 13:31 | Create | Unit 2626 |
| 13:50 | Build | House |
| 13:52 | Research | Double-Bit Axe |
| 14:05 | Create | Villager (Male) |
| 14:09 | Build | Blacksmith |
| 14:13 | Build | Mill |
| 14:25 | Create | Unit 2626 |
| 14:38 | Create | Villager (Male) |
| 14:41 | Build | House |
| 14:44 | Create | Unit 2626 |
| 15:02 | Build | Watch Tower |
| 15:15 | Build | Market |
| 15:16 | Create | Villager (Male) |
| 15:19 | Create | Villager (Male) |
| 15:22 | Build | House |
| 16:25 | Create | Villager (Male) |
| 16:25 | Create | Villager (Male) |
| 16:29 | Build | House |
| 16:33 | Create | Militia |
| 16:33 | Create | Militia |
| 16:46 | Create | Unit 2626 |
| 16:48 | Create | Villager (Male) |
| 16:51 | Build | Farm |
| 17:06 | Create | Militia |
| 17:29 | Create | Villager (Male) |
| 17:57 | Create | Villager (Male) |
| 18:18 | Create | Unit 2626 |
| 18:19 | Create | Villager (Male) |
| 18:26 | Build | Farm |
| 18:30 | Create | Villager (Male) |
| 18:42 | Build | Farm |
| 19:00 | Build | Farm |
| 19:00 | Build | Farm |
| 19:01 | Build | Farm |
| 19:02 | Build | Farm |
| 19:02 | Build | Farm |
| 19:05 | Create | Villager (Male) |
| 19:49 | Research | Castle Age |
| 20:39 | Create | Villager (Male) |
| 20:42 | Research | Horse Collar |
| 20:51 | Research | Fletching |
| 21:24 | Create | Villager (Male) |
| 22:29 | Age | Castle Age |
| 22:32 | Create | Villager (Male) |
| 22:42 | Build | Farm |
| 22:43 | Build | Farm |
| 22:43 | Build | Farm |
| 22:43 | Build | Farm |
| 22:54 | Build | Castle |
| 23:01 | Create | Villager (Male) |
| 23:30 | Create | Villager (Male) |
| 23:35 | Build | Town Center |
| 23:40 | Create | Villager (Male) |
| 23:48 | Research | Bodkin Arrow |
| 24:01 | Create | Villager (Male) |
| 24:22 | Build | Town Center |
| 24:38 | Build | Siege Workshop |
| 24:40 | Create | Villager (Male) |
| 24:42 | Research | Wheelbarrow |
| 25:08 | Build | Watch Tower |
| 25:21 | Create | Iron Pagoda |
| 25:28 | Create | Villager (Male) |
| 25:29 | Create | Villager (Male) |
| 25:29 | Create | Villager (Male) |
| 25:47 | Create | Villager (Male) |
| 25:51 | Create | Villager (Male) |
| 26:10 | Create | Iron Pagoda |
| 26:22 | Build | Watch Tower |
| 26:24 | Create | Villager (Male) |
| 26:24 | Create | Villager (Male) |
| 26:24 | Create | Villager (Male) |
| 26:32 | Create | Iron Pagoda |
| 26:37 | Create | Villager (Male) |
| 26:38 | Create | Villager (Male) |
| 26:45 | Build | Farm |
| 27:02 | Create | Villager (Male) |
| 27:03 | Create | Villager (Male) |
| 27:03 | Create | Villager (Male) |
| 27:19 | Build | Watch Tower |
| 27:22 | Create | Villager (Male) |
| 27:22 | Create | Villager (Male) |
| 27:24 | Create | Iron Pagoda |
| 27:39 | Create | Villager (Male) |
| 27:40 | Create | Villager (Male) |
| 27:40 | Create | Villager (Male) |
| 27:41 | Create | Villager (Male) |
| 27:47 | Build | Farm |
| 27:48 | Build | Farm |
| 27:59 | Create | Villager (Male) |
| 28:00 | Create | Villager (Male) |
| 28:00 | Create | Villager (Male) |
| 28:27 | Create | Villager (Male) |
Build order — Ale Vai
First 150 of 232 actions detected
| 0:18 | Build | Town Center |
| 1:08 | Build | Dock |
| 1:47 | Build | House |
| 2:30 | Create | Villager (Male) |
| 2:31 | Create | Villager (Male) |
| 2:31 | Create | Villager (Male) |
| 2:35 | Create | Villager (Male) |
| 2:36 | Create | Villager (Male) |
| 3:01 | Build | Palisade Wall |
| 3:17 | Research | Loom |
| 3:26 | Create | Villager (Male) |
| 3:26 | Create | Villager (Male) |
| 3:26 | Create | Villager (Male) |
| 3:50 | Create | Fishing Ship |
| 4:26 | Create | Villager (Male) |
| 4:46 | Create | Fishing Ship |
| 4:46 | Create | Fishing Ship |
| 4:56 | Create | Villager (Male) |
| 5:05 | Build | House |
| 5:25 | Create | Villager (Male) |
| 6:06 | Create | Villager (Male) |
| 6:17 | Create | Fishing Ship |
| 6:24 | Create | Villager (Male) |
| 6:49 | Create | Villager (Male) |
| 6:56 | Build | House |
| 7:24 | Create | Fishing Ship |
| 7:43 | Create | Villager (Male) |
| 7:48 | Build | House |
| 7:59 | Create | Villager (Male) |
| 8:14 | Create | Villager (Male) |
| 8:21 | Create | Fishing Ship |
| 8:34 | Create | Villager (Male) |
| 8:59 | Create | Villager (Male) |
| 9:03 | Build | Mill |
| 9:45 | Build | House |
| 10:07 | Research | Feudal Age |
| 10:07 | Research | Feudal Age |
| 10:18 | Build | House |
| 10:32 | Build | House |
| 11:08 | Build | Dock |
| 11:52 | Build | Dock |
| 11:54 | Create | Villager (Male) |
| 11:58 | Build | House |
| 12:08 | Build | Mining Camp |
| 12:17 | Age | Feudal Age |
| 12:36 | Create | Fire Galley |
| 12:43 | Create | Villager (Male) |
| 13:13 | Create | Fire Galley |
| 13:22 | Create | Fishing Ship |
| 13:34 | Create | Fire Galley |
| 14:00 | Create | Villager (Male) |
| 14:04 | Create | Villager (Male) |
| 14:07 | Build | Lumber Camp |
| 14:34 | Create | Villager (Male) |
| 14:44 | Build | Palisade Wall |
| 14:45 | Build | Palisade Wall |
| 14:55 | Build | House |
| 15:14 | Create | Villager (Male) |
| 15:18 | Create | Villager (Male) |
| 15:31 | Create | Fishing Ship |
| 15:46 | Create | Villager (Male) |
| 15:50 | Build | House |
| 16:04 | Create | Fire Galley |
| 16:15 | Create | Fire Galley |
| 16:39 | Build | Barracks |
| 16:42 | Create | Villager (Male) |
| 16:44 | Research | Town Watch |
| 16:49 | Build | House |
| 16:51 | Build | House |
| 17:07 | Create | Fire Galley |
| 17:16 | Create | Spearman |
| 17:17 | Create | Spearman |
| 17:26 | Research | Double-Bit Axe |
| 18:13 | Research | Tech 906 |
| 18:21 | Build | Market |
| 18:23 | Create | Villager (Male) |
| 18:32 | Build | Blacksmith |
| 18:36 | Create | Spearman |
| 19:33 | Create | Villager (Male) |
| 19:53 | Research | Castle Age |
| 19:53 | Research | Castle Age |
| 20:03 | Build | Mining Camp |
| 20:08 | Create | Spearman |
| 20:10 | Research | Forging |
| 20:25 | Create | Spearman |
| 20:38 | Research | Horse Collar |
| 20:39 | Research | Horse Collar |
| 20:48 | Build | Farm |
| 21:05 | Research | Scale Mail Armor |
| 21:06 | Create | Spearman |
| 21:17 | Create | Fire Galley |
| 21:17 | Create | Fire Galley |
| 21:24 | Build | Fish Trap |
| 21:36 | Build | Fish Trap |
| 21:46 | Build | Farm |
| 21:52 | Create | Villager (Male) |
| 22:19 | Research | Tech 906 |
| 22:25 | Build | Farm |
| 22:28 | Build | Farm |
| 22:32 | Create | Spearman |
| 22:38 | Age | Castle Age |
| 22:42 | Research | Pikeman (upgrade) |
| 22:43 | Research | Squires |
| 22:46 | Create | Villager (Male) |
| 22:52 | Build | Farm |
| 22:56 | Build | Farm |
| 23:26 | Create | Fire Galley |
| 23:38 | Build | Farm |
| 23:39 | Create | Villager (Male) |
| 23:52 | Research | War Galley (upgrade) |
| 24:03 | Create | Villager (Male) |
| 24:25 | Create | Villager (Male) |
| 24:32 | Create | Villager (Male) |
| 24:35 | Build | Farm |
| 25:01 | Create | Villager (Male) |
| 25:04 | Create | Spearman |
| 25:04 | Create | Spearman |
| 25:08 | Create | Villager (Male) |
| 25:14 | Build | Town Center |
| 25:25 | Create | Villager (Male) |
| 25:29 | Research | Wheelbarrow |
| 25:31 | Create | Villager (Male) |
| 25:36 | Research | Bow Saw |
| 25:59 | Build | Outpost |
| 26:04 | Research | Chain Mail Armor |
| 26:04 | Create | Villager (Male) |
| 26:34 | Create | Villager (Male) |
| 26:46 | Build | Castle |
| 26:53 | Create | Villager (Male) |
| 26:59 | Create | Villager (Male) |
| 27:04 | Create | Villager (Male) |
| 27:50 | Build | Lumber Camp |
| 27:53 | Build | Farm |
| 28:00 | Create | Villager (Male) |
| 28:01 | Create | Villager (Male) |
| 28:02 | Create | Villager (Male) |
| 28:08 | Create | Gbeto |
| 28:08 | Create | Gbeto |
| 28:09 | Create | Gbeto |
| 28:09 | Create | Gbeto |
| 28:21 | Create | Gbeto |
| 28:21 | Create | Gbeto |
| 28:21 | Create | Gbeto |
| 28:21 | Create | Gbeto |
| 28:21 | Create | Gbeto |
| 28:39 | Create | Gbeto |
| 28:58 | Create | Gbeto |
| 28:58 | Create | Gbeto |
| 29:10 | Create | Gbeto |
| 29:11 | Create | Gbeto |
Build order — URU | Deo
First 150 of 341 actions detected
| 0:06 | Build | Town Center |
| 1:09 | Build | Dock |
| 1:12 | Build | Palisade Wall |
| 1:13 | Build | Palisade Wall |
| 1:22 | Build | House |
| 2:30 | Create | Villager (Male) |
| 2:30 | Create | Villager (Male) |
| 2:30 | Create | Villager (Male) |
| 2:38 | Create | Villager (Male) |
| 4:02 | Create | Villager (Male) |
| 4:02 | Create | Villager (Male) |
| 4:04 | Create | Fishing Ship |
| 4:24 | Build | House |
| 4:36 | Research | Loom |
| 4:36 | Research | Loom |
| 4:48 | Create | Villager (Male) |
| 5:12 | Create | Fishing Ship |
| 5:42 | Create | Villager (Male) |
| 5:42 | Create | Villager (Male) |
| 6:09 | Create | Villager (Male) |
| 6:09 | Create | Villager (Male) |
| 6:09 | Create | Villager (Male) |
| 6:17 | Build | House |
| 6:26 | Create | Villager (Male) |
| 6:52 | Create | Villager (Male) |
| 6:54 | Create | Fishing Ship |
| 7:17 | Create | Villager (Male) |
| 7:33 | Build | Palisade Wall |
| 7:37 | Build | Palisade Wall |
| 7:40 | Create | Villager (Male) |
| 7:42 | Build | House |
| 7:55 | Build | Palisade Wall |
| 7:57 | Build | Palisade Wall |
| 8:00 | Build | Palisade Wall |
| 8:02 | Create | Villager (Male) |
| 8:06 | Create | Villager (Male) |
| 8:09 | Create | Villager (Male) |
| 8:26 | Create | Fishing Ship |
| 8:55 | Create | Villager (Male) |
| 9:28 | Create | Villager (Male) |
| 9:36 | Build | Dock |
| 9:46 | Build | House |
| 9:49 | Build | Palisade Wall |
| 9:50 | Build | Palisade Wall |
| 9:52 | Create | Villager (Male) |
| 10:06 | Create | Fishing Ship |
| 10:17 | Build | Mill |
| 10:26 | Build | Outpost |
| 10:33 | Create | Villager (Male) |
| 10:44 | Build | House |
| 10:48 | Build | Outpost |
| 10:49 | Build | House |
| 10:58 | Research | Feudal Age |
| 10:59 | Research | Feudal Age |
| 10:59 | Research | Feudal Age |
| 11:02 | Create | Fishing Ship |
| 11:04 | Create | Fishing Ship |
| 11:25 | Create | Villager (Male) |
| 11:31 | Build | Mining Camp |
| 11:44 | Build | Palisade Wall |
| 11:58 | Build | Lumber Camp |
| 12:11 | Create | Fishing Ship |
| 12:14 | Create | Fishing Ship |
| 12:15 | Create | Fishing Ship |
| 12:54 | Build | Outpost |
| 12:58 | Build | Outpost |
| 13:13 | Create | Villager (Male) |
| 13:16 | Build | House |
| 13:19 | Age | Feudal Age |
| 13:37 | Build | Market |
| 13:40 | Create | Villager (Male) |
| 14:00 | Create | Villager (Male) |
| 14:32 | Build | Blacksmith |
| 14:34 | Build | Palisade Wall |
| 14:36 | Build | Palisade Wall |
| 14:37 | Create | Villager (Male) |
| 14:43 | Build | Palisade Wall |
| 14:45 | Build | Palisade Wall |
| 14:51 | Build | Palisade Wall |
| 15:00 | Build | Palisade Wall |
| 15:04 | Build | House |
| 15:10 | Build | Palisade Wall |
| 15:17 | Build | Palisade Wall |
| 15:17 | Build | Palisade Wall |
| 15:21 | Create | Villager (Male) |
| 15:24 | Research | Castle Age |
| 15:24 | Research | Castle Age |
| 15:25 | Research | Castle Age |
| 15:35 | Build | Palisade Gate |
| 15:38 | Build | Palisade Wall |
| 15:46 | Build | House |
| 15:57 | Build | Palisade Wall |
| 15:59 | Build | Palisade Wall |
| 16:01 | Build | Palisade Wall |
| 16:34 | Build | Palisade Wall |
| 16:35 | Build | Palisade Wall |
| 16:36 | Build | Palisade Wall |
| 16:36 | Create | Villager (Male) |
| 16:47 | Create | Villager (Male) |
| 16:50 | Create | Villager (Male) |
| 16:58 | Build | Palisade Wall |
| 16:59 | Build | Palisade Wall |
| 17:01 | Create | Villager (Male) |
| 17:09 | Create | Villager (Male) |
| 17:16 | Build | Palisade Wall |
| 18:03 | Build | Palisade Wall |
| 18:04 | Age | Castle Age |
| 18:07 | Build | House |
| 18:11 | Create | Villager (Male) |
| 18:16 | Build | Town Center |
| 18:30 | Build | House |
| 18:32 | Build | Palisade Wall |
| 18:47 | Build | Town Center |
| 18:47 | Create | Villager (Male) |
| 19:05 | Create | Villager (Male) |
| 19:17 | Research | Double-Bit Axe |
| 19:17 | Research | Double-Bit Axe |
| 19:40 | Create | Villager (Male) |
| 19:45 | Research | Bow Saw |
| 19:45 | Research | Bow Saw |
| 19:49 | Build | House |
| 19:59 | Create | Villager (Male) |
| 20:10 | Create | Villager (Male) |
| 20:23 | Research | War Galley (upgrade) |
| 20:27 | Create | Unit 2626 |
| 20:32 | Create | Fire Galley |
| 20:36 | Build | Farm |
| 20:44 | Create | Villager (Male) |
| 20:44 | Create | Villager (Male) |
| 20:44 | Create | Villager (Male) |
| 21:00 | Create | Villager (Male) |
| 21:06 | Build | Monastery |
| 21:28 | Create | Fire Galley |
| 21:29 | Create | Fire Galley |
| 21:29 | Create | Fire Galley |
| 21:29 | Create | Villager (Male) |
| 21:30 | Create | Villager (Male) |
| 21:30 | Create | Villager (Male) |
| 21:55 | Create | Fire Galley |
| 21:55 | Create | Fire Galley |
| 22:05 | Create | Monk |
| 22:08 | Create | Villager (Male) |
| 22:08 | Create | Villager (Male) |
| 22:13 | Create | Fire Galley |
| 22:13 | Create | Fire Galley |
| 22:20 | Build | Dock |
| 22:24 | Create | Villager (Male) |
| 22:30 | Create | Villager (Male) |
| 22:37 | Build | Palisade Wall |
| 22:38 | Build | Palisade Wall |
Build order — DONT STAY HOME
First 150 of 193 actions detected
| 0:23 | Build | Town Center |
| 2:36 | Create | Villager (Male) |
| 2:37 | Create | Villager (Male) |
| 2:37 | Create | Villager (Male) |
| 2:37 | Create | Villager (Male) |
| 3:46 | Create | Villager (Male) |
| 3:46 | Create | Villager (Male) |
| 3:46 | Create | Villager (Male) |
| 4:17 | Create | Villager (Male) |
| 4:17 | Create | Villager (Male) |
| 4:51 | Create | Villager (Male) |
| 4:51 | Create | Villager (Male) |
| 5:32 | Create | Villager (Male) |
| 5:32 | Create | Villager (Male) |
| 5:37 | Build | Dock |
| 5:54 | Create | Villager (Male) |
| 5:54 | Create | Villager (Male) |
| 6:21 | Create | Fishing Ship |
| 6:31 | Create | Villager (Male) |
| 6:32 | Create | Villager (Male) |
| 6:44 | Research | Loom |
| 6:44 | Research | Loom |
| 6:59 | Create | Villager (Male) |
| 6:59 | Create | Villager (Male) |
| 7:05 | Create | Fishing Ship |
| 7:05 | Create | Fishing Ship |
| 7:30 | Create | Villager (Male) |
| 7:31 | Create | Villager (Male) |
| 8:02 | Create | Villager (Male) |
| 8:02 | Create | Villager (Male) |
| 8:31 | Create | Fishing Ship |
| 8:32 | Create | Villager (Male) |
| 8:32 | Create | Villager (Male) |
| 8:33 | Create | Villager (Male) |
| 8:49 | Build | Mining Camp |
| 9:30 | Create | Villager (Male) |
| 9:39 | Create | Fishing Ship |
| 9:55 | Create | Villager (Male) |
| 10:02 | Build | Mill |
| 10:35 | Research | Feudal Age |
| 10:36 | Research | Feudal Age |
| 10:48 | Create | Fishing Ship |
| 10:49 | Create | Villager (Male) |
| 11:53 | Build | Barracks |
| 12:45 | Age | Feudal Age |
| 12:48 | Create | Villager (Male) |
| 12:48 | Create | Villager (Male) |
| 13:12 | Build | Stable |
| 13:52 | Create | Scout Cavalry |
| 13:52 | Create | Scout Cavalry |
| 13:52 | Create | Scout Cavalry |
| 13:57 | Create | Villager (Male) |
| 13:57 | Create | Villager (Male) |
| 14:14 | Build | Blacksmith |
| 14:18 | Build | Palisade Wall |
| 14:40 | Create | Scout Cavalry |
| 14:41 | Create | Villager (Male) |
| 14:42 | Create | Villager (Male) |
| 15:16 | Build | Lumber Camp |
| 15:29 | Research | Forging |
| 15:29 | Research | Forging |
| 15:29 | Create | Villager (Male) |
| 15:29 | Create | Villager (Male) |
| 15:52 | Research | Double-Bit Axe |
| 15:52 | Create | Villager (Male) |
| 16:47 | Build | Dock |
| 17:04 | Create | Villager (Male) |
| 17:26 | Build | Farm |
| 17:30 | Create | Fishing Ship |
| 17:38 | Research | Castle Age |
| 17:38 | Research | Castle Age |
| 17:59 | Research | Bloodlines |
| 17:59 | Research | Bloodlines |
| 18:28 | Research | Scale Barding Armor |
| 18:29 | Research | Scale Barding Armor |
| 18:44 | Create | Fishing Ship |
| 18:49 | Research | Tech 906 |
| 18:49 | Research | Tech 906 |
| 19:06 | Build | Stable |
| 19:31 | Create | Scout Cavalry |
| 19:31 | Create | Scout Cavalry |
| 19:32 | Create | Scout Cavalry |
| 19:32 | Create | Scout Cavalry |
| 19:48 | Create | Scout Cavalry |
| 19:48 | Create | Scout Cavalry |
| 19:49 | Create | Scout Cavalry |
| 19:49 | Create | Scout Cavalry |
| 20:03 | Create | Fishing Ship |
| 20:18 | Age | Castle Age |
| 20:23 | Research | Light Cavalry (upgrade) |
| 20:23 | Research | Light Cavalry (upgrade) |
| 20:25 | Create | Villager (Male) |
| 20:26 | Create | Villager (Male) |
| 20:39 | Build | Siege Workshop |
| 20:46 | Create | Villager (Male) |
| 20:46 | Create | Villager (Male) |
| 20:47 | Create | Villager (Male) |
| 21:03 | Build | Town Center |
| 21:16 | Build | Town Center |
| 21:32 | Create | Villager (Male) |
| 21:32 | Create | Villager (Male) |
| 21:32 | Create | Villager (Male) |
| 21:53 | Create | Villager (Male) |
| 21:53 | Create | Villager (Male) |
| 21:53 | Create | Villager (Male) |
| 21:54 | Create | Villager (Male) |
| 22:33 | Create | Battering Ram |
| 22:33 | Create | Battering Ram |
| 22:34 | Create | Battering Ram |
| 22:49 | Create | Villager (Male) |
| 22:49 | Create | Villager (Male) |
| 22:50 | Create | Villager (Male) |
| 23:03 | Build | Monastery |
| 23:12 | Build | Farm |
| 23:33 | Create | Villager (Male) |
| 23:33 | Create | Villager (Male) |
| 23:50 | Create | Monk |
| 23:51 | Research | Fervor |
| 23:52 | Create | Villager (Male) |
| 23:53 | Create | Villager (Male) |
| 23:53 | Create | Villager (Male) |
| 24:12 | Build | Farm |
| 24:13 | Build | Farm |
| 24:14 | Build | Farm |
| 24:15 | Build | Farm |
| 24:19 | Create | Battering Ram |
| 24:52 | Create | Villager (Male) |
| 24:53 | Create | Villager (Male) |
| 24:53 | Create | Villager (Male) |
| 24:53 | Create | Villager (Male) |
| 25:00 | Build | Farm |
| 25:01 | Build | Farm |
| 25:29 | Create | Battering Ram |
| 25:39 | Create | Knight |
| 25:40 | Create | Knight |
| 25:40 | Create | Knight |
| 25:40 | Create | Knight |
| 25:40 | Create | Knight |
| 25:53 | Build | Farm |
| 26:04 | Create | Monk |
| 26:30 | Create | Battering Ram |
| 26:32 | Create | Knight |
| 26:32 | Create | Knight |
| 26:32 | Create | Knight |
| 26:33 | Create | Knight |
| 26:33 | Create | Villager (Male) |
| 26:34 | Create | Villager (Male) |
| 26:55 | Build | Town Center |
| 27:38 | Create | Battering Ram |
| 27:45 | Create | Knight |
Match timeline
| 0:52 | helgibry · first_building Dock |
| 1:08 | Ale Vai · first_building Dock |
| 1:09 | URU | Deo · first_building Dock |
| 1:12 | URU | Deo · wall_segment Palisade Wall x1 |
| 1:13 | URU | Deo · wall_segment Palisade Wall x1 |
| 3:01 | Ale Vai · wall_segment Palisade Wall x1 |
| 5:37 | DONT STAY HOME · first_building Dock |
| 7:33 | URU | Deo · wall_segment Palisade Wall x1 |
| 7:37 | URU | Deo · wall_segment Palisade Wall x1 |
| 7:55 | URU | Deo · wall_segment Palisade Wall x1 |
| 7:57 | URU | Deo · wall_segment Palisade Wall x1 |
| 8:00 | URU | Deo · wall_segment Palisade Wall x1 |
| 9:49 | URU | Deo · wall_segment Palisade Wall x1 |
| 9:50 | URU | Deo · wall_segment Palisade Wall x1 |
| 11:06 | helgibry · first_building Barracks |
| 11:44 | URU | Deo · wall_segment Palisade Wall x1 |
| 11:53 | DONT STAY HOME · first_building Barracks |
| 12:17 | Ale Vai · age_up feudal |
| 12:45 | DONT STAY HOME · age_up feudal |
| 13:12 | DONT STAY HOME · first_building Stable |
| 13:19 | URU | Deo · age_up feudal |
| 13:22 | helgibry · age_up feudal |
| 14:18 | DONT STAY HOME · wall_segment Palisade Wall x2 |
| 14:34 | URU | Deo · wall_segment Palisade Wall x6 |
| 14:36 | URU | Deo · wall_segment Palisade Wall x1 |
| 14:43 | URU | Deo · wall_segment Palisade Wall x3 |
| 14:44 | Ale Vai · wall_segment Palisade Wall x1 |
| 14:45 | Ale Vai · wall_segment Palisade Wall x1 |
| 14:45 | URU | Deo · wall_segment Palisade Wall x1 |
| 14:51 | URU | Deo · wall_segment Palisade Wall x4 |
| 15:00 | URU | Deo · wall_segment Palisade Wall x6 |
| 15:10 | URU | Deo · wall_segment Palisade Wall x6 |
| 15:17 | URU | Deo · wall_segment Palisade Wall x2 |
| 15:17 | URU | Deo · wall_segment Palisade Wall x1 |
| 15:23 | URU | Deo · first_market_sell 100 food |
| 15:38 | URU | Deo · wall_segment Palisade Wall x3 |
| 15:57 | URU | Deo · wall_segment Palisade Wall x1 |
| 15:59 | URU | Deo · wall_segment Palisade Wall x2 |
| 16:01 | URU | Deo · wall_segment Palisade Wall x1 |
| 16:34 | URU | Deo · wall_segment Palisade Wall x1 |
| 16:35 | URU | Deo · wall_segment Palisade Wall x1 |
| 16:36 | URU | Deo · wall_segment Palisade Wall x1 |
| 16:39 | Ale Vai · first_building Barracks |
| 16:58 | URU | Deo · wall_segment Palisade Wall x1 |
| 16:59 | URU | Deo · wall_segment Palisade Wall x1 |
| 17:16 | URU | Deo · wall_segment Palisade Wall x3 |
| 17:51 | helgibry · first_market_sell 100 wood |
| 17:54 | helgibry · first_market_buy 100 food |
| 18:03 | URU | Deo · wall_segment Palisade Wall x3 |
| 18:04 | URU | Deo · age_up castle |
| 18:32 | URU | Deo · wall_segment Palisade Wall x1 |
| 20:18 | DONT STAY HOME · age_up castle |
| 20:39 | DONT STAY HOME · first_building Siege Workshop |
| 21:06 | URU | Deo · first_building Monastery |
| 22:29 | helgibry · age_up castle |
| 22:37 | URU | Deo · wall_segment Palisade Wall x1 |
| 22:38 | URU | Deo · wall_segment Palisade Wall x1 |
| 22:38 | Ale Vai · age_up castle |
| 22:48 | URU | Deo · wall_segment Palisade Wall x2 |
| 22:54 | helgibry · first_building Castle |
| 23:03 | DONT STAY HOME · first_building Monastery |
| 23:44 | URU | Deo · first_building Castle |
| 23:50 | URU | Deo · wall_segment Palisade Wall x1 |
| 24:06 | URU | Deo · wall_segment Palisade Wall x1 |
| 24:10 | URU | Deo · wall_segment Palisade Wall x1 |
| 24:11 | URU | Deo · wall_segment Palisade Wall x1 |
| 24:38 | helgibry · first_building Siege Workshop |
| 26:20 | Ale Vai · first_market_buy 100 stone |
| 26:21 | URU | Deo · first_market_buy 100 wood |
| 26:46 | Ale Vai · first_building Castle |
| 27:03 | URU | Deo · wall_segment Stone Wall x6 |
| 28:15 | URU | Deo · wall_segment Stone Wall x7 |
| 30:43 | Ale Vai · first_building Siege Workshop |
| 31:46 | DONT STAY HOME · resign |
| 32:11 | helgibry · first_building Archery Range |
| 36:01 | URU | Deo · age_up imperial |
[ AI ANALYSIS · 1 CREDIT ]
What really happened in this match?
Wolo.gg analyzes every decision: build order, eco, micro, common mistakes by bracket. Personalized analysis on WhatsApp or Discord in 30 seconds.
Civ guide
Koreans
Perfil
Jugador #966549